 Dungeon Crawl Stone Soup version 0.20.0-6-gd3061e9 (webtiles) character file.

149 cereshysteria the Shield-Bearer (level 5, -4/49 HPs)
             Began as a Naga Fighter on May 28, 2017.
             Slain by greprep's ghost (11 damage)
             ... on level 4 of the Dungeon.
             The game lasted 00:06:56 (3294 turns).

cereshysteria the Shield-Bearer (Naga Fighter)      Turns: 3294, Time: 00:06:57

Health: -4/49      AC:  7    Str: 19    XL:     5   Next: 31%
Magic:  5/5        EV:  7    Int:  8    God:
Gold:   147        SH:  9    Dex: 11    Spells: 4/4 levels left

rFire    . . .     SeeInvis +     - Unarmed
rCold    + . .     Gourm    .   b - +0 shield
rNeg     . . .     Faith    .   e - +0 leather armour
rPois    +         Spirit   .   (helmet restricted)
rElec    .         Reflect  .   h - +0 cloak
rCorr    +         Harm     .   n - +0 pair of gloves
MR       .....                  (no barding)
Stlth    +.........             (no amulet)
Regen    0.2/turn               d - ring of resist corrosion
MPRegen  0.1/turn               (no ring)

@: very slow
A: antennae 1, yellow scales 1, see invisible, cold resistance 1, deformed body,
poison resistance, slowness 2, slow metabolism 1, spit poison 1, AC +1
a: Spit Poison


You were on level 4 of the Dungeon.
You were not hungry.

You visited 1 branch of the dungeon, and saw 4 of its levels.

You collected 147 gold pieces.

Inventory:

Armour
 b - a +0 shield (worn)
 e - a +0 leather armour (worn)
 h - a +0 cloak (worn)
 n - a +0 pair of gloves (worn)
Jewellery
 d - a ring of resist corrosion (left hand)
 i - a cursed -2 ring of strength {unknown}
Scrolls
 a - a scroll of fog {unknown}
 g - a scroll of blinking
 j - 2 scrolls of amnesia {unknown}
 m - 2 scrolls of remove curse {unknown}
 p - 3 scrolls of teleportation {unknown}
Potions
 f - a potion of resistance
 o - a potion of curing
 q - a potion of agility {unknown}
Comestibles
 k - a royal jelly


   Skills:
 - Level 3.0 Fighting
 - Level 2.4 Armour
 + Level 3.9 Shields
 + Level 3.9 Unarmed Combat


You had 4 spell levels left.
You didn't know any spells.

Dungeon Overview and Level Annotations

Branches:
Dungeon (4/15)
 Temple: D:4-7

Altars:

Annotations:
D:4 greprep's ghost, amateur MiFi


Innate Abilities, Weirdness & Mutations

You cannot wear boots.
Your serpentine skin is tough. (AC +1)
You have supernaturally acute eyesight. (SInv)
Armour fits poorly on your strangely shaped body.
Your system is resistant to poisons. (rPois)
You cover ground very slowly.
You have a slow metabolism.
You can spit poison.
You have a pair of small antennae on your head.
You are partially covered in yellow scales. (AC +2)
Your flesh is cold resistant. (rC+)


Message History

You butcher the hound corpse.
c - 2 chunks of flesh You see here a hound skeleton.
Eat one of 2 chunks of flesh? (ye/n/q)
You eat one of the 2 chunks of flesh.
This raw flesh tastes terrible.
You are feeling hungry.
Eat a chunk of flesh? (ye/n/q)
You eat the chunk of flesh.
This raw flesh tastes terrible.
You start resting.
Greprep's ghost (amateur Minotaur Fighter) comes into view.
You feel a little less mighty now.
Greprep's ghost turns its malevolent gaze towards you.
Greprep's ghost barely misses you.
Greprep's ghost hits you but does no damage.
You block greprep's ghost's attack. Greprep's ghost hits you!
* * * LOW HITPOINT WARNING * * *
You block greprep's ghost's attack. Greprep's ghost hits you!
You die...

#...#####.........
#.#####.........##......
........<.#######..#####
##.###...######..## #
#...#......##
#.###...#.######
....(.#.# #..###.#
##@#...# #.W..##
.####...########
#...............######
######.#.....##......#
#..#####...### #..##
###.รท.# #.# ###....# ..
......


You could see greprep's ghost.

Vanquished Creatures
  A hound (D:4)
  A worker ant (D:4)
  2 adders (D:2)
  An ooze (D:2)
  3 worms
  2 dart slugs
  5 leopard geckos
  An orc (D:3)
  5 giant cockroaches
  5 goblins
  4 hobgoblins
  4 jackals (D:3)
  2 quokkas (D:2)
  3 ball pythons
  8 bats
  5 frilled lizards
  3 kobolds
  5 rats
60 creatures vanquished.

Notes
Turn   | Place    | Note
-------+----------+-------------------------------------------
     0 | D:1      | cereshysteria the Naga Fighter began the quest for the Orb.
     0 | D:1      | Reached XP level 1. HP: 21/21 MP: 1/1
   325 | D:1      | Reached XP level 2. HP: 28/28 MP: 2/2
  1068 | D:2      | HP: 1/28 [leopard gecko (1)]
  1070 | D:2      | Reached XP level 3. HP: 1/34 MP: 3/3
  1890 | D:2      | Reached XP level 4. HP: 38/42 MP: 4/4
  2256 | D:2      | Gained mutation: You can translocate small distances at will. [potion of mutation]
  2256 | D:2      | Gained mutation: Your mind is acute. (Int +2) [potion of mutation]
  2256 | D:2      | Gained mutation: Your muscles are strong. (Str +2) [potion of mutation]
  2257 | D:2      | Lost mutation: Your mind is acute. (Int +2) [potion of mutation]
  2257 | D:2      | Lost mutation: You can translocate small distances at will. [potion of mutation]
  2257 | D:2      | Lost mutation: Your muscles are strong. (Str +2) [potion of mutation]
  2257 | D:2      | Gained mutation: You have a pair of small antennae on your head. [potion of mutation]
  2257 | D:2      | Gained mutation: You are partially covered in yellow scales. (AC +2) [potion of mutation]
  2257 | D:2      | Gained mutation: Your flesh is cold resistant. (rC+) [potion of mutation]
  3235 | D:4      | HP: 2/42 [poisoned by a worker ant]
  3237 | D:4      | Reached XP level 5. HP: 1/49 MP: 5/5
  3283 | D:4      | Noticed greprep's ghost (amateur MiFi)
  3294 | D:4      | Slain by greprep's ghost

Skill      XL: |  1  2  3 |
---------------+----------+-----
Shields        | 3 |  3.9
Unarmed Combat | 3 |  3.9
Fighting       | |  3.0
Armour         | |  2.4

Action                   |  1- 3 |  4- 6 || total
-------------------------+-------+-------++-------
Melee: Unarmed           |   149 |   134 ||   283
 Abil: Spit Poison       |     1 |       ||     1
  Use: Potion            |     1 |     4 ||     5
       Scroll            |       |     9 ||     9
  Eat: Bread ration      |     1 |       ||     1
       Chunk             |       |     2 ||     2
Armor: Scale mail        |    69 |     9 ||    78
       Skin              |     1 |       ||     1
       Leather armour    |       |    29 ||    29
Dodge: Dodged            |    37 |    25 ||    62
Block: Shield            |    79 |    56 ||   135
